 Dungeon Crawl Stone Soup version 0.30-a0-722-g3e6e8c874d (webtiles) character file.

Game seed: 652720974763309489

581 Laraso the Magician (level 7, 0/45 HPs)
             Began as a Djinni Hedge Wizard on Jan 28, 2023.
             Killed by their own static electricity (4 damage)
             ... on level 4 of the Dungeon.
             The game lasted 00:08:43 (4721 turns).

Laraso the Magician (Djinni Hedge Wizard)           Turns: 4721, Time: 00:08:43

Health: 0/45       AC:  3    Str:  9    XL:     7   Next: 63%
Gold:   153        EV: 12    Int: 18    God:
                   SH:  0    Dex: 12

rFire   + + +      SeeInvis .    a - +1 halberd (freeze)
rCold   . . .      Faith    .    (shield currently unavailable)
rNeg    . . .      Spirit   .    b - +0 robe
rPois   ∞          Reflect  .    c - +1 hat
rElec   .          Harm     .    k - scarf {rC+ rF+}
rCorr   .          Rampage  .    (no gloves)
Will    .....                    (boots unavailable)
Stlth   ++                       (no amulet)
HPRegen 0.27/turn                (no ring)
MPRegen 0.00/turn                g - ring of wizardry

@: flying
A: sickness immunity, fire resistance 2, cold vulnerability 1, float, innate
caster, HP casting, extra vitality 1
a: no special abilities


You were on level 4 of the Dungeon.
You visited 1 branch of the dungeon, and saw 4 of its levels.
You also visited: Ossuary.

You collected 153 gold pieces.

Inventory:

Hand Weapons
 a - a +1 halberd of freezing (weapon)
Armour
 b - a +0 robe (worn)
 c - a +1 hat (worn)
 k - a scarf of resistance (worn)
Jewellery
 e - a ring of resist corrosion
 g - a ring of wizardry (right hand)
 m - a ring of positive energy
Scrolls
 h - 2 scrolls of immolation
 r - 2 scrolls of torment
 t - 2 scrolls of fear
Potions
 d - 2 potions of magic
 f - 2 potions of berserk rage
 i - 2 potions of brilliance
 j - 6 potions of curing
 l - a potion of invisibility
 n - a potion of attraction {unknown}
 o - 2 potions of lignification {unknown}
 p - a potion of heal wounds {unknown}
 q - 2 potions of might {unknown}
 s - a potion of degeneration {unknown}
 u - a potion of haste {unknown}
 v - a potion of mutation {unknown}
 w - a potion of resistance {unknown}


   Skills:
 - Level 2.1 Dodging
 - Level 1.5 Stealth
 * Level 6.4 Spellcasting


You had 3 spell levels left.
You knew the following spells:

 Your Spells              Type           Power      Damage    Failure   Level
a - Magic Dart            Conj           100%       1d8       1%          1
b - Slow                  Hex            100%       N/A       1%          1
c - Blink                 Tloc           56%        N/A       1%          2
d - Call Imp              Summ           28%        N/A       1%          2
e - Mephitic Cloud        Conj/Pois/Air  28%        N/A       1%          3
f - Sting                 Tmut/Pois      100%       1d8       1%          1
g - Static Discharge      Conj/Air       56%        2-5/arc   1%          2
h - Confusing Touch       Hex            28%        N/A       1%          3
Your spell library was empty.

Dungeon Overview and Level Annotations

Branches:
Dungeon (4/15)            Ossuary (visited)
 Temple: D:4-7

Altars:
Hepliaklqana
Yredelemnul


Innate Abilities, Weirdness & Mutations

You are immune to sickness and miasma.
You are immune to poison.
Your flesh is very heat resistant. (rF++)
You are vulnerable to cold. (rC-)
You float through the air rather than walking.
You learn spells naturally, not from books.
Your magical power is your life essence.
You have superior vitality. (+4 MHP)


Message History

Deactivating autopickup; reactivate with Ctrl-A.
No target in view!
No target in view!
You miss something. Something hits you. Something blocks your attack.
You hear some strange, mumbled words.
A magic dart appears from out of thin air!
The magic dart hits you. Something hits you but does no damage.
Something blocks your attack. Something hits you but does no damage.
Something blocks your attack. Something hits you. x2
Something blocks your attack. Something hits you but does no damage.
Casting: Mephitic Cloud (safe; 1% risk of failure)
Confirm with . or Enter, or press ? or * to list all spells.
You can't see any susceptible monsters within range! (Use Z to cast anyway.)
Casting: Mephitic Cloud (safe; 1% risk of failure)
Confirm with . or Enter, or press ? or * to list all spells.
You don't know that spell.
Casting: Mephitic Cloud (safe; 1% risk of failure)
Confirm with . or Enter, or press ? or * to list all spells.
Something is struck by an arc of lightning!
You are struck by an arc of lightning.
Something is struck by an arc of lightning.
You are struck by an arc of lightning.
* * * LOW HITPOINT WARNING * * *
The lightning grounds out.
* * * LOW HITPOINT WARNING * * *
Something hits you.
* * * LOW HITPOINT WARNING * * *
There is a strange disturbance nearby!
You barely miss something. Something hits you.
* * * LOW HITPOINT WARNING * * *
You hear some strange, mumbled words.
A puff of flame appears from out of thin air!
The puff of flame hits you. You resist.
* * * LOW HITPOINT WARNING * * *
Casting: Static Discharge (safe; 1% risk of failure)
Confirm with . or Enter, or press ? or * to list all spells.
Something is struck by an arc of lightning.
You are struck by an arc of lightning.
You die...

#.........##.
#..####.#....) #.#
#.#.###. #.# #....... .#
###.#### ##.# #.....
##..# ######
######..#####
#..{@)......#########
#.####.####.##.......
#..# ..... #....#####.
#..#.....o.#.#..#####.
...#..o....#.##.##....
#.#o^..._o..#.........#
....#.......#..#.##..##
##.#.#.......#..#....###
#.#.# #..##..##.#


You could see an orc (wandering).

Vanquished Creatures
  Menkaure (Ossuary)
  A gnoll sergeant (D:4)
  An orc priest (D:4)
  Terence (D:2)
  Jessica (D:2)
  An iguana (D:4)
  An orc wizard (D:4)
  4 mummies
  4 gnolls (D:4)
  8 adders
  A worm (D:3)
  12 orcs
  3 endoplasms
  A giant cockroach (D:4)
  6 gnoll zombies (Ossuary)
  4 goblins
  7 hobgoblins
  2 jackals (D:1)
  4 kobolds
  2 quokkas (D:2)
  3 ball pythons
  3 bats
  3 frilled lizards
  4 gnoll skeletons (Ossuary)
  5 goblin skeletons (Ossuary)
  5 goblin zombies (Ossuary)
  4 hobgoblin skeletons (Ossuary)
  4 hobgoblin zombies (Ossuary)
  4 kobold skeletons (Ossuary)
  2 kobold zombies (Ossuary)
  4 orc skeletons (Ossuary)
  4 orc zombies (Ossuary)
  5 rats
  3 rat skeletons (Ossuary)
  3 rat zombies (Ossuary)
121 creatures vanquished.

Vanquished Creatures (collateral kills)
  An orc zombie (Ossuary)
  A rat skeleton (Ossuary)
2 creatures vanquished.

Vanquished Creatures (others)
  A human (D:3)
1 creature vanquished.

Grand Total: 124 creatures vanquished

Notes
Turn   | Place    | Note
-------+----------+-------------------------------------------
     0 | D:1      | Laraso the Djinni Hedge Wizard began the quest for the Orb.
     0 | D:1      | Laraso set off with the following spells memorised: Magic
                  | Dart, Slow, Blink, Call Imp, Mephitic Cloud.
     0 | D:1      | Reached XP level 1. HP: 15/15 MP: 0/0
   262 | D:1      | Reached XP level 2. HP: 17/21 MP: 0/0
   880 | D:2      | Reached skill level 3 in Spellcasting
   939 | D:2      | Reached XP level 3. HP: 21/25 MP: 0/0
   939 | D:2      | Learned a level 1 spell: Sting
   965 | D:2      | Noticed Jessica
   971 | D:2      | Killed Jessica
   972 | D:2      | Reached XP level 4. HP: 26/31 MP: 0/0
  1317 | D:2      | Noticed Terence
  1330 | D:2      | Killed Terence
  1331 | D:2      | Reached skill level 4 in Spellcasting
  1866 | D:3      | Reached XP level 5. HP: 26/35 MP: 0/0
  1866 | D:3      | Learned a level 2 spell: Static Discharge
  2384 | D:3      | Found a faded altar of an unknown god.
  2619 | D:3      | Noticed a human
  2621 | D:3      | Killed a human
  2643 | D:3      | Found a basalt altar of Yredelemnul.
  3068 | D:4      | Reached XP level 6. HP: 35/40 MP: 0/0
  3165 | D:4      | Found a sand-covered staircase.
  3173 | D:4      | Reached skill level 5 in Spellcasting
  3175 | Ossuary  | Entered an ossuary
  3693 | Ossuary  | Noticed Menkaure
  3710 | Ossuary  | Killed Menkaure
  3711 | Ossuary  | Reached XP level 7. HP: 11/45 MP: 0/0
  3711 | Ossuary  | Learned a level 3 spell: Confusing Touch
  3938 | Ossuary  | HP: 2/45 [/static electricity (3)]
  4276 | D:4      | Reached skill level 6 in Spellcasting
  4698 | D:4      | Found a hazy altar of Hepliaklqana.
  4721 | D:4      | Killed from afar by themself

Illustrated notes

Levels and vault maps discovered:
D:1:      shiori_arrival_oz, layout_basic
D:2:      layout_basic, uniq_jessica, uniq_terence
D:3:      layout_basic, overflow_temple_1_default, tgw_kikubaaqudgha,
          chequers_ecumenical_altar_twisty
D:4:      layout_loops_corners, kennysheep_slug_shrine, lemuel_tele_altar,
          gup_sewer_entry_glass, gup_ossuary_entry_pyramid

Skill      XL: |  1  2  3  4  5  6  7 |
---------------+----------------------+-----
Spellcasting   | 3 4 5 6 |  6.4
Dodging        | |  2.1
Stealth        | |  1.5

Action                     |  1- 3 |  4- 6 |  7- 9 || total
---------------------------+-------+-------+-------++-------
  Melee: Spear             |     8 |       |       ||     8
         Club              |       |   188 |    33 ||   221
         Punch             |       |     3 |       ||     3
         Halberd           |       |       |    12 ||    12
   Cast: Magic Dart        |    32 |    24 |       ||    56
         Slow              |     7 |    35 |       ||    42
         Sting             |       |     6 |       ||     6
         Mephitic Cloud    |       |    15 |     6 ||    21
         Call Imp          |       |     5 |     1 ||     6
         Blink             |       |     1 |       ||     1
         Static Discharge  |       |     6 |     9 ||    15
         Confusing Touch   |       |       |     3 ||     3
    Use: Scroll            |       |     8 |     1 ||     9
   Stab: Confused          |       |     4 |       ||     4
         Sleeping          |       |     3 |     1 ||     4
         Distracted        |       |     1 |       ||     1
 Armour: Robe              |     2 |    34 |     7 ||    43
  Dodge: Dodged            |     3 |   101 |    24 ||   128

Table legend: (Time is in decaauts)
 A = Elapsed time spent in this place.
 B = Non-inter-level travel time spent in this place.
 C = Inter-level travel time spent in this place.
 D = Time resting spent in this place.
 E = Time spent auto-exploring this place.
 F = Levels seen in this place.
 G = Mean time per level.
                   A        B        C        D        E       F      G
               +--------+--------+--------+--------+--------+-----+--------+
         Total |   4789 |   4721 |     68 |    923 |   2805 |   5 |  957.8 |
       Dungeon |   3791 |   3723 |     68 |    509 |   2618 |   4 |  947.8 |
       Ossuary |    998 |    998 |      0 |    414 |    187 |   1 |  998.0 |
               +--------+--------+--------+--------+--------+-----+--------+

Top non-repeatable levels by time:
     D:3: 1296 daAuts
     D:2: 1062 daAuts
 Ossuary: 998 daAuts
     D:1: 853 daAuts
     D:4: 578 daAuts
